 Dungeon Crawl Stone Soup version 0.20-a0-309-gcba9277 (webtiles) character file.

121287 Havercy the Wrestler (level 16, -4/141 HPs)
             Began as a Troll Gladiator on Dec 19, 2016.
             Was the Champion of Ru.
             Slain by an ettin zombie (11 damage)
             ... led by a necromancer
             ... on level 1 of the Depths.
             The game lasted 00:47:40 (25305 turns).

Havercy the Wrestler (Troll Gladiator)             Turns: 25305, Time: 00:47:41

Health: -4/141     AC: 32    Str: 27    XL:     16   Next: 32%
Magic:  0/15       EV:  5    Int:  2    God:    Ru [******]
Gold:   2979       SH:  0    Dex: 13    Spells: 15/15 levels left

rFire  + . .     SeeInvis .       - Unarmed
rCold  . . .     Gourm    +     L - +9 armour of the Dragon King {rPois rF+ rC+ MR+}
rNeg   . . .     Faith    .     (no shield)
rPois  +         Spirit   +     b - +2 hat
rElec  .         Reflect  .     t - +2 cloak
rCorr  .         Harm     .     (gloves unavailable)
MR     +++..                    (boots unavailable)
Stlth  ..........               W - amulet of guardian spirit
                                H - ring of protection from fire
                                c - ring of protection from magic

@: no status effects
A: unfitting armour, claws 3, clumsy 1, dopey 1, fast metabolism 3, gourmand,
regeneration 1, screaming 1, shaggy fur 1, tough skin 2, no conjurations magic,
no hexes magic, no poison magic, unskilled 1, temperature sensitive
a: Draw Out Power, Power Leap, Apocalypse, Renounce Religion


You were on level 1 of the Depths.
You worshipped Ru.
Ru was exalted by your worship.
You were very hungry.

You visited 5 branches of the dungeon, and saw 25 of its levels.
You also visited: Labyrinth, Sewer, Ossuary, Ice Cave and Volcano.

You collected 3203 gold pieces.
You spent 224 gold pieces at shops.

Inventory:

Hand Weapons
 i - a +2 broad axe of flaming
Missiles
 y - 5 throwing nets (quivered)
Armour
 b - a +2 hat (worn)
 t - a +2 cloak (worn)
 D - a +0 large shield of poison resistance
 L - the +9 armour of the Dragon King (worn) {rPois rF+ rC+ MR+}
   (You acquired it on level 1 of the Lair of Beasts)

   It protects you from fire.
   It protects you from cold.
   It protects you from poison.
   It affects your resistance to hostile enchantments.
Jewellery
 c - a ring of protection from magic (left claw)
 H - a ring of protection from fire (right claw)
 W - an amulet of guardian spirit (around neck)
 Y - an uncursed ring of resist corrosion
 Z - a +5 ring of intelligence
Wands
 k - a wand of polymorph (9/24)
 v - a wand of acid (8/15)
 E - a wand of iceblast (5/15)
Scrolls
 f - 4 scrolls of amnesia
 j - 11 scrolls of remove curse
 l - 3 scrolls of magic mapping
 n - 2 scrolls of fear
 q - 8 scrolls of teleportation
 r - 9 scrolls of identify
 u - 6 scrolls of fog
 w - 5 scrolls of blinking
 J - 5 scrolls of enchant armour
 U - a scroll of recharging
Potions
 e - a potion of ambrosia
 g - 5 potions of might
 m - 15 potions of curing
 p - 6 potions of heal wounds
 s - a potion of cure mutation
 x - 2 potions of flight
 z - 4 potions of magic
 C - 2 potions of haste
Miscellaneous
 a - a phial of floods
 V - a sack of spiders
Comestibles
 d - 13 bread rations
 h - 7 beef jerkies
 o - 7 meat rations
 A - 33 fruits


   Skills:
 + Level 5.0 Fighting
 + Level 0.1 Axes
 - Level 1.5 Throwing
 + Level 6.2 Armour
 + Level 5.9 Dodging
 - Level 0.2 Stealth
 * Level 22.4 Unarmed Combat
 - Level 0.2 Evocations


You had 15 spell levels left.
You didn't know any spells.

Dungeon Overview and Level Annotations

Branches:
Dungeon (15/15)            Temple (1/1) D:7            Lair (6/6) D:9
 Shoals (0/4) Lair:2        Snake (0/4) Lair:3        Slime (0/5) Lair:5
    Orc (2/2) D:10            Elf (0/3) Orc:2        Vaults (0/5) D:13
 Depths (1/5) D:15

Altars:
Ashenzari
Cheibriados
Dithmenos
Elyvilon
Fedhas
Gozag
Hepliaklqana
Kikubaaqudgha
Makhleb
Nemelex Xobeh
Okawaru
Qazlal
Ru
Sif Muna
Trog
Uskayaw
Vehumet
Xom
Yredelemnul
Zin
The Shining One
Beogh
Jiyva

Shops:
D:10 [   D:11 =   D:12 !   Orc:2 *([:

Portals:
Trove: D:11 (give 18 potions of curing)

Annotations:
D:8 1 runed door
D:14 exclusion: obsidian statue
Lair:1 exclusion: oklob plant


Innate Abilities, Weirdness & Mutations

You are too large for most types of armour.
You have claws for hands.
You are clumsy. (Dex -2)
You are dopey. (Int -2)
Your metabolism is lightning-fast.
You like to eat raw meat.
Your natural rate of healing is unusually fast.
You occasionally shout uncontrollably at your foes.
You are covered in fur. (AC +1)
You have very tough skin. (AC +2)
You cannot study or cast Conjurations magic.
You cannot study or cast Hexes magic.
You cannot study or cast Poison magic.
You are somewhat unskilled. (-1 Apt)
You are sensitive to extremes of temperature. (rF-, rC-)


Message History

The fire giant simulacrum vapourises!
The caustic shrike skeleton claws you but does no damage.
The caustic shrike skeleton claws you.
* * * LOW HITPOINT WARNING * * *
Unknown command.
Unknown command.
Your armour of the Dragon King prevents you from hitting the caustic shrike skeleton.
Your claw misses the caustic shrike skeleton.
The caustic shrike skeleton is severely damaged.
The caustic shrike skeleton claws you but does no damage.
Unknown command.
You mangle the caustic shrike skeleton!!
You destroy the caustic shrike skeleton!
Unknown command.
You claw the ettin zombie!
The ettin zombie is lightly damaged.
The ettin zombie hits you!
* * * LOW HITPOINT WARNING * * *
The ettin zombie hits you!
You die...

.......## ........#
........##
.........#
.(.......#
......)..#
.........##
.....###.Z# ...
##..@## ...##....#
..[#....## .
........# .
........## ..
#########.....# ..
#...(.##......##
...#.....#......^.#
#..#....#).......##


You could see an ettin zombie.

Vanquished Creatures
  Rupert (Orc:2)
  Kirke (D:14)
  3 orc warlords
  A caustic shrike skeleton (Depths:1)
  A stone giant (Orc:1)
  2 entropy weavers (Lair:4)
  A minotaur (Lab)
  Snorg (D:13)
  The ghost of Havercy the Impaler, a journeyman DsGl of Yredelemnul (Orc:2)
  5 hydras
  Harold (Orc:1)
  2 ice dragons (D:15)
  A vault guard (D:13)
  3 centaur warriors
  A catoblepas (D:15)
  A death knight (D:13)
  3 two-headed ogres
  A deep troll earth mage (D:15)
  11 death yaks (Lair:6)
  A queen ant (Lair:4)
  2 deep troll shamans
  2 tengu warriors
  An orc high priest (Orc:2)
  A hell knight (Volcano)
  Sonja (D:12)
  A sun demon (Volcano)
  An iron troll (Depths:1)
  3 deep trolls
  9 orc knights
  3 wizards
  A lindwurm (Lair:5)
  2 necromancers
  9 orc sorcerers
  6 ugly things
  A mana viper (shapeshifter) (Depths:1)
  A manticore (D:14)
  A stone giant zombie (Depths:1)
  6 cyclopes
  Maurice (D:9)
  15 elephants
  Joseph (D:8)
  A merfolk siren (Lair:2)
  Psyche (D:8)
  A black mamba (Lair:3)
  3 ice statues (IceCv)
  11 spiny frogs
  5 centaur skeletons
  A torpor snail (Lair:6)
  3 rime drakes
  A kobold demonologist (D:12)
  4 freezing wraiths
  8 komodo dragons
  A tengu conjurer (D:14)
  5 yaktaurs (Depths:1)
  2 red devils (Volcano)
  9 trolls
  4 guardian mummies (D:15)
  A merfolk (Lair:2)
  6 polar bears
  5 hornets
  7 blink frogs
  A fire giant simulacrum (Depths:1)
  13 dream sheep
  Prince Ribbit (D:5)
  A meliai zombie (D:13)
  16 hippogriffs
  A shadow (D:14)
  4 wyverns
  14 spriggans (Lair:6)
  21 humans (D:13)
  A vampire (D:11)
  Eustachio (D:5)
  3 basilisks
  Grum (D:11)
  5 fire bats (Volcano)
  A steam dragon (D:12)
  39 yaks
  4 hungry ghosts
  6 wargs
  5 nagas (Lair:3)
  A hell hound (Volcano)
  19 soldier ants (Lair:4)
  7 porcupines
  9 water moccasins
  4 sky beasts
  12 ice beasts
  6 black bears
  An eye of draining (D:9)
  45 orc warriors
  3 phantoms
  A necrophage (D:8)
  10 ogres
  4 boggarts (Lair:6)
  20 wolves
  10 centaurs
  5 crocodiles
  6 big kobolds
  21 bullfrogs
  A wyvern zombie (D:14)
  5 scorpions
  A water moccasin skeleton (D:4)
  5 killer bees (D:8)
  An electric eel (Lair:5)
  A howler monkey (D:6)
  A bullfrog zombie (D:13)
  7 lava snakes (Volcano)
  8 crimson imps
  4 centaur zombies
  2 quasits
  6 hounds
  6 jellies
  20 orc priests
  4 bullfrog skeletons
  26 orc wizards
  Crazy Yiuf (D:5)
  33 worker ants
  4 iguanas
  A killer bee zombie (D:8)
  A big kobold zombie (Ossuary)
  4 ogre zombies (Ossuary)
  2 bullfrog simulacra (D:9)
  2 hound skeletons
  11 mummies
  Robin (D:2)
  3 worker ant zombies
  A howler monkey skeleton (D:6)
  4 gnolls
  7 adders
  2 river rats (D:3)
  3 shadow imps
  12 white imps (Lair:1)
  6 oozes
  2 adder zombies (Ossuary)
  7 worms
  2 dart slugs
  5 leopard geckos
  74 orcs
  7 bats
  6 giant cockroaches
  11 goblins
  9 hobgoblins
  10 jackals
  7 quokkas
  7 ball pythons
  A ball python skeleton (D:6)
  5 frilled lizards
  3 goblin zombies (Ossuary)
  4 hobgoblin zombies (Ossuary)
  A jackal zombie (D:6)
  19 kobolds
  7 kobold zombies (Ossuary)
  2 leopard gecko skeletons
  A quokka skeleton (D:4)
  3 quokka zombies (Ossuary)
  17 rats
  5 rat zombies (Ossuary)
922 creatures vanquished.

Vanquished Creatures (others)
  An iron troll (D:15)
  2 humans (D:14)
  3 orcs
  3 fungi
9 creatures vanquished.

Grand Total: 931 creatures vanquished

Notes
Turn   | Place    | Note
-------+----------+-------------------------------------------
     0 | D:1      | Havercy the Troll Gladiator began the quest for the Orb.
     0 | D:1      | Reached XP level 1. HP: 19/19 MP: 0/0
   180 | D:1      | Reached XP level 2. HP: 28/28 MP: 1/1
   675 | D:1      | Reached XP level 3. HP: 35/35 MP: 2/2
   761 | D:2      | Reached skill level 4 in Unarmed Combat
   776 | D:2      | Found a glowing golden altar of the Shining One.
  1040 | D:2      | Found a deep blue altar of Sif Muna.
  1138 | D:2      | Reached XP level 4. HP: 37/42 MP: 3/3
  1250 | D:2      | Noticed Robin
  1270 | D:2      | Killed Robin
  1638 | D:3      | Found a glowing drain.
  1650 | D:3      | Reached skill level 5 in Unarmed Combat
  1697 | Sewer    | Entered a sewer
  1714 | Sewer    | Noticed a big kobold
  1730 | Sewer    | Killed a big kobold
  1730 | Sewer    | Reached XP level 5. HP: 15/49 MP: 4/4
  1897 | Sewer    | Reached XP level 6. HP: 54/57 MP: 5/5
  1970 | Sewer    | Reached skill level 6 in Unarmed Combat
  2309 | D:3      | Found a radiant altar of Vehumet.
  2762 | D:3      | Found a bloodstained altar of Trog.
  3029 | D:4      | Found a white marble altar of Elyvilon.
  3168 | D:4      | Reached XP level 7. HP: 30/65 MP: 6/6
  3270 | D:4      | Found a basalt altar of Yredelemnul.
  3339 | D:4      | Reached skill level 7 in Unarmed Combat
  3571 | D:4      | Got a transparent great sword
  3754 | D:5      | Entered Level 5 of the Dungeon
  3755 | D:5      | Found an opulent altar of Gozag.
  3835 | D:5      | Found a runed door.
  3995 | D:5      | Noticed Eustachio
  4012 | D:5      | Noticed Prince Ribbit
  4015 | D:5      | Killed Eustachio
  4015 | D:5      | Reached skill level 8 in Unarmed Combat
  4158 | D:5      | Reached XP level 8. HP: 68/74 MP: 7/7
  4227 | D:5      | Killed Prince Ribbit
  4227 | D:5      | Reached skill level 9 in Unarmed Combat
  4414 | D:5      | Reached skill level 10 in Unarmed Combat
  4750 | D:5      | Noticed Crazy Yiuf
  4757 | D:5      | Killed Crazy Yiuf
  5055 | D:6      | Found a shadowy altar of Dithmenos.
  5055 | D:6      | Found a snail-covered altar of Cheibriados.
  5255 | D:6      | Found a sand-covered staircase.
  5260 | Ossuary  | Entered an ossuary
  5428 | Ossuary  | Reached XP level 9. HP: 80/80 MP: 8/8
  5511 | Ossuary  | Reached skill level 11 in Unarmed Combat
  5664 | D:6      | Identified the +10 great sword of Okawaru's Indignation {freeze, +Fly rF- rC++} (You found it on level 4 of the Dungeon)
  6618 | D:7      | Found a shimmering altar of Xom.
  6657 | D:7      | Reached skill level 12 in Unarmed Combat
  6708 | D:7      | Found a staircase to the Ecumenical Temple.
  6773 | Temple   | Entered the Ecumenical Temple
  7530 | D:8      | Noticed Psyche
  7536 | D:8      | Killed Psyche
  7684 | D:8      | Found a runed door.
  7777 | D:8      | Reached skill level 13 in Unarmed Combat
  7780 | D:8      | Noticed Joseph
  7791 | D:8      | Killed Joseph
  7791 | D:8      | Reached XP level 10. HP: 54/91 MP: 9/9
  7910 | D:8      | Noticed a two-headed ogre
  7920 | D:8      | Killed a two-headed ogre
  8056 | D:8      | Noticed a two-headed ogre
  8068 | D:8      | Killed a two-headed ogre
  8068 | D:8      | Reached skill level 14 in Unarmed Combat
  8104 | D:8      | Found a sacrificial altar of Ru.
  8131 | D:8      | Found a runed door.
  8733 | D:8      | Reached skill level 15 in Unarmed Combat
  8873 | D:9      | Paralysed by a hornet for 3 turns
  8879 | D:9      | Reached skill level 5 in Dodging
  8980 | D:9      | Noticed Maurice
  8999 | D:9      | Killed Maurice
  8999 | D:9      | Reached XP level 11. HP: 79/97 MP: 10/10
  9111 | D:9      | Noticed a two-headed ogre
  9119 | D:9      | Killed a two-headed ogre
  9470 | D:9      | Found a staircase to the Lair.
  9596 | D:8      | Became a worshipper of Ru the Awakened
  9873 | D:9      | Found a bloodstained altar of Trog.
  9987 | D:9      | Reached skill level 16 in Unarmed Combat
 10266 | D:10     | Entered Level 10 of the Dungeon
 10316 | D:10     | Found a staircase to the Orcish Mines.
 10395 | D:10     | Found Jonoenk's Armour Boutique.
 10626 | D:10     | Noticed an orc knight
 10637 | D:10     | Killed an orc knight
 10776 | Orc:1    | Entered Level 1 of the Orcish Mines
 10784 | Orc:1    | Gained mutation: You are dopey. (Int -2) [Ru sacrifice]
 10911 | Orc:1    | Noticed an orc warlord
 10911 | Orc:1    | Noticed a stone giant
 10913 | Orc:1    | Noticed an orc sorcerer
 11041 | D:11     | Noticed Grum
 11057 | D:11     | Killed Grum
 11195 | D:11     | Found Voph's Jewellery Shoppe.
 11498 | D:11     | Found a portal to a secret trove of treasure.
 12034 | D:12     | Noticed Sonja
 12042 | D:12     | Killed Sonja
 12042 | D:12     | Reached skill level 17 in Unarmed Combat
 12042 | D:12     | Reached XP level 12. HP: 107/107 MP: 11/11
 12276 | D:12     | Found Cealom's Distillery.
 12298 | D:12     | Bought a potion of heal wounds for 90 gold pieces
 12298 | D:12     | Bought a potion of curing for 54 gold pieces
 12584 | D:13     | Noticed a death knight
 12645 | Lair:1   | Entered Level 1 of the Lair of Beasts
 12683 | Lair:1   | Found a frozen archway.
 12748 | IceCv    | Entered an ice cave
 13183 | IceCv    | Got scorched ice dragon scales
 13194 | IceCv    | Identified the +4 ice dragon scales of the Other Side {rF- rC++ rCorr Str-3 Dex+2} (You found it in an ice cave)
 13395 | Lair:1   | Reached skill level 18 in Unarmed Combat
 13513 | Lair:1   | Identified a scroll of acquirement
 14180 | Lair:2   | Reached skill level 1 in Armour
 14796 | Lair:2   | Found a staircase to the Shoals.
 14913 | Lair:3   | Got a shadowed robe
 14972 | Lair:3   | Found a labyrinth entrance.
 14982 | Lab      | Entered a labyrinth
 15318 | Lab      | Noticed a minotaur
 15322 | Lab      | Killed a minotaur
 15325 | Lab      | Got a fine glaive {chop}
 15330 | Lab      | Got a vibrating tin ring
 15425 | Lair:3   | Reached XP level 13. HP: 116/117 MP: 12/12
 15441 | Lair:3   | Identified the ring of Gimo {EV+1 Int+2} (You found it in a labyrinth)
 15464 | Lair:3   | Found a staircase to the Snake Pit.
 15939 | Lair:4   | Noticed an entropy weaver
 15942 | Lair:4   | Gained mutation: Your flesh is cold resistant. (rC+) [potion of mutation]
 15942 | Lair:4   | Gained mutation: Your magical capacity is low. (-10% MP) [potion of mutation]
 15942 | Lair:4   | Gained mutation: You are weak. (Str -2) [potion of mutation]
 15965 | Lair:4   | Killed an entropy weaver
 15965 | Lair:4   | Reached skill level 19 in Unarmed Combat
 15986 | Lair:4   | Noticed an entropy weaver
 16017 | Lair:4   | Killed an entropy weaver
 16246 | Lair:4   | Found a dark tunnel.
 16303 | Volcano  | Entered a volcano
 16530 | Volcano  | Found a bloodstained altar of Trog.
 16569 | Volcano  | Found a burning altar of Makhleb.
 16787 | Lair:4   | Reached skill level 20 in Unarmed Combat
 17147 | Lair:5   | Found a viscous altar of Jiyva.
 17147 | Lair:5   | Found a staircase to the Slime Pits.
 17189 | Lair:5   | Identified the +2 robe of the End {rN+} (You found it on level 3 of the Lair of Beasts)
 17427 | Lair:5   | Gained mutation: You cannot study or cast Poison magic. [Ru sacrifice]
 17427 | Lair:5   | Gained mutation: You cannot study or cast Hexes magic. [Ru sacrifice]
 17427 | Lair:5   | Gained mutation: You cannot study or cast Conjurations magic. [Ru sacrifice]
 17427 | Lair:5   | Reached * piety under Ru
 17752 | Lair:5   | Reached XP level 14. HP: 119/124 MP: 11/11
 18135 | Lair:6   | Entered Level 6 of the Lair of Beasts
 18431 | Lair:6   | Reached skill level 21 in Unarmed Combat
 18782 | Lair:6   | Reached skill level 5 in Armour
 19058 | Lair:6   | Reached skill level 5 in Fighting
 19075 | Lair:6   | Gained mutation: You occasionally shout uncontrollably at your foes. [Ru sacrifice]
 19075 | Lair:6   | Reached ** piety under Ru
 20124 | D:13     | Reached skill level 22 in Unarmed Combat
 20226 | D:13     | Noticed Snorg
 20244 | D:13     | Killed Snorg
 20247 | D:13     | Reached XP level 15. HP: 47/133 MP: 3/12
 20739 | D:13     | Gained mutation: You are clumsy. (Dex -2) [Ru sacrifice]
 21053 | D:13     | Found a gate to the Vaults.
 21363 | D:14     | Noticed Kirke
 21373 | D:14     | Killed Kirke
 21848 | D:15     | Entered Level 15 of the Dungeon
 22194 | D:15     | Found a staircase to the Depths.
 22415 | D:15     | Reached skill level 23 in Unarmed Combat
 22422 | D:15     | Gained mutation: You are somewhat unskilled. (-1 Apt) [Ru sacrifice]
 22422 | D:15     | Reduced skill Dodging to level 5
 22422 | D:15     | Reduced skill Unarmed Combat to level 21
 22422 | D:15     | Reached *** piety under Ru
 22422 | D:15     | Reached **** piety under Ru
 22623 | D:15     | Found a sacrificial altar of Ru.
 22835 | Orc:1    | Killed an orc warlord
 23031 | Orc:1    | Noticed an orc warlord
 23060 | Orc:1    | Killed an orc warlord
 23419 | Orc:1    | Noticed Harold
 23427 | Orc:1    | Killed Harold
 23706 | Orc:2    | Entered Level 2 of the Orcish Mines
 23706 | Orc:2    | Found a staircase to the Elven Halls.
 23715 | Orc:2    | Gained mutation: You are sensitive to extremes of temperature. (rF-, rC-) [Ru sacrifice]
 23715 | Orc:2    | Reached ***** piety under Ru
 23715 | Orc:2    | Reached ****** piety under Ru
 23796 | Orc:2    | Noticed Rupert
 23809 | Orc:2    | Killed Rupert
 23809 | Orc:2    | Reached skill level 22 in Unarmed Combat
 23832 | Orc:2    | Lost mutation: You are weak. (Str -2) [potion of cure mutation]
 23832 | Orc:2    | Lost mutation: Your magical capacity is low. (-10% MP) [potion of cure mutation]
 23832 | Orc:2    | Lost mutation: Your flesh is cold resistant. (rC+) [potion of cure mutation]
 23847 | Orc:2    | Noticed an orc warlord
 23860 | Orc:2    | Noticed Havercy's ghost (journeyman DsGl)
 23867 | Orc:2    | Killed an orc warlord
 23867 | Orc:2    | Reached XP level 16. HP: 94/140 MP: 2/15
 23871 | Orc:2    | Killed Havercy's ghost
 23877 | Orc:2    | Found a roughly hewn altar of Beogh.
 24331 | Orc:2    | Found Joesaubb's Antique Weapon Shop.
 24361 | Orc:2    | Found Tuiqo's Book Shop.
 24442 | Orc:2    | Found Zapnam's General Store.
 24497 | Orc:2    | Bought a potion of curing for 48 gold pieces
 24497 | Orc:2    | Bought a scroll of identify for 32 gold pieces
 24506 | Orc:2    | Found Eqaor's Antique Armour Shop.
 24922 | Depths:1 | Entered Level 1 of the Depths
 25287 | Depths:1 | Reached skill level 5 in Fighting
 25297 | Depths:1 | HP: 6/141 [fire giant simulacrum[a necromancer] (13)]
 25305 | Depths:1 | HP: 7/141 [ettin zombie[a necromancer] (7)]
 25305 | Depths:1 | Slain by an ettin zombie

Vault maps used:
D:1:      dpeg_arrival_ratfight
D:2:      lemuel_doored_altar, tso_oasis_becter, minmay_misc_feat_diagonals,
          minmay_crystal_water, uniq_robin
D:3:      vehumet_crystals, portal_sewer_entry_b, first_bread,
          trog_butcher_becter
D:4:      kennysheep_ying_yang, kennysheep_generic_room_11
D:5:      grunt_gozag_statues, uniq_prince_ribbit1, uniq_eustachio,
          uniq_crazy_yiuf_cottage
D:6:      chequers_temple_overflow_statue_of_worship, enter_ossuary_2
D:7:      xom_teletrap_fun
D:8:      cheibrodos_histonic, lemuel_round_altar, uniq_psyche, uniq_joseph
D:9:      hangedman_cross_cluster, nicolae_overflow_crystal_walls, uniq_maurice
D:10:     orc_0_dummy, serial_shops, kennysheep_mini
D:11:     serial_shops, shop_coins, enter_trove_1, blue_anna_alchemist,
          uniq_grum
D:12:     serial_shops, shop, uniq_sonja
D:13:     grunt_vaults_entry_tiered, uniq_snorg
D:14:     hangedman_decor_push, minivault_15, uniq_kirke
D:15:     grunt_enter_depths_hoard, hangedman_ru_absence,
          minmay_guarded_unrand_curses
Temple:   zaba_magenta_temple
Lair:1:   portal_ice_cave_entry_imps, st_stairs_4, minmay_lair_oklob_items,
          guppyfry_lair_drakes
Lair:2:   elwin_shoals_entry_rooms, bh_chokoban
Lair:3:   minmay_snake_entry_guardpost_large, lab_entry_generic
Lair:4:   lightli_volcano_entry_magma_tube, zaba_anthell
Lair:5:   slime_altar_1, serial_bayou_lake_a
Lair:6:   minmay_lair_end_enchanted_forest, nicolae_quartered_pool_super,
          grunt_megastairs_3
Orc:1:    minmay_orc_treasury, uniq_harold
Orc:2:    grunt_orc_cross, uniq_rupert
Depths:1: enter_ziggurat_e, hell_entry, rand_demon_pan_entry_8,
          hangedman_abyss_entry_splay,
          hangedman_abyss_or_decor_jellyfish_corner,
          evilmike_spriggan_trog_shrine, serial_bayou_shore_b
Lab:      labyrinth_spiral
Sewer:    kennysheep_pipe_town
Ossuary:  ossuary_boxes_badplayer
IceCv:    ice_cave_statue_garden_chambered
Volcano:  volcano_grotto

Skill      XL: |  1  2  3  4  5  6  7  8  9 10 11 12 13 14 15 16 |
---------------+-------------------------------------------------+-----
Unarmed Combat | 4 5 6 8 10 13 15 17 18 20 22 22 | 22.4
Fighting       | 2 3 4 5 4 5 |  5.0
Dodging        | 3 4 5 6 5 |  5.9
Armour         | 2 4 5 6 |  6.2
Axes           | |  0.1
Throwing       | |  1.5
Stealth        | |  0.2
Evocations     | |  0.2

Action                   |  1- 3 |  4- 6 |  7- 9 | 10-12 | 13-15 | 16-18 || total
-------------------------+-------+-------+-------+-------+-------+-------++-------
Melee: Unarmed           |    98 |   191 |   322 |   682 |  1479 |   173 ||  2945
       Punch             |     2 |     3 |    14 |    41 |    86 |    12 ||   158
       Broad axe         |       |       |       |       |    15 |       ||    15
Invok: Sacrifice Purity  |       |       |       |     1 |     2 |       ||     3
       Reject Sacrifices |       |       |       |     1 |       |       ||     1
       Sacrifice Arcana  |       |       |       |       |     1 |       ||     1
       Draw Out Power    |       |       |       |       |     1 |       ||     1
       Apocalypse        |       |       |       |       |     1 |       ||     1
       Sacrifice Skill   |       |       |       |       |     1 |       ||     1
       Sacrifice Resista |       |       |       |       |     1 |       ||     1
Evoke: Wand              |       |       |       |     2 |       |       ||     2
       Phial of floods   |       |       |       |       |     1 |       ||     1
       Sack of spiders   |       |       |       |       |       |     1 ||     1
  Use: Potion            |       |     2 |     3 |     8 |    14 |     2 ||    29
       Scroll            |       |     1 |    15 |    14 |     5 |     3 ||    38
 Stab: Sleeping          |       |     1 |     7 |     2 |       |       ||    10
       Paralysed         |       |       |       |     1 |     2 |     3 ||     6
       Distracted        |       |       |       |       |     3 |     1 ||     4
       Invisible         |       |       |       |       |     2 |     3 ||     5
  Eat: Chunk             |    13 |    12 |    43 |    54 |    77 |       ||   199
       Royal jelly       |       |     1 |       |     1 |       |       ||     2
       Meat ration       |       |       |     1 |     4 |       |     1 ||     6
       Pizza             |       |       |       |     1 |       |     1 ||     2
Armor: Robe              |    20 |    69 |    67 |   163 |       |       ||   319
       Skin              |       |       |       |     5 |       |       ||     5
       Gold dragon scale |       |       |       |   114 |  1106 |   146 ||  1366
       Ice dragon scales |       |       |       |     1 |       |       ||     1
Dodge: Dodged            |    40 |   114 |   150 |   316 |   261 |    33 ||   914
